 Dungeon Crawl Stone Soup version 0.22-a0-803-gd6d8abe (webtiles) character file.

13353 Amnesiac the Geomancer (level 11, -1/68 HPs)
             Began as a Mummy Earth Elementalist on July 22, 2018.
             Was a Believer of Vehumet.
             Slain by a komodo dragon (18 damage)
             ... on level 3 of the Lair of Beasts.
             The game lasted 00:26:42 (13599 turns).

Amnesiac the Geomancer (Mummy Earth Elementalist)  Turns: 13599, Time: 00:26:42

Health: -1/68      AC: 11    Str: 12    XL:     11   Next: 74%
Magic:  1/27       EV: 11    Int: 18    God:    Vehumet [**....]
Gold:   157        SH:  7    Dex: 12    Spells: 20/35 levels left

rFire    . . .     SeeInvis .   a - +0 hunting sling
rCold    + . .     Gourm    .   y - +2 buckler
rNeg     + + +     Faith    .   p - +1 leather armour {rC+}
rPois    ∞         Spirit   .   d - +0 helmet
rElec    .         Reflect  .   s - +0 cloak {MR+}
rCorr    .         Harm     +   g - +1 pair of gloves
MR       ++...                  q - +0 pair of boots
Stlth    +.........             k - amulet of harm
HPRegen  0.21/turn              z - ring of fire
MPRegen  0.20/turn              B - +2 ring of protection

@: very slightly contaminated
A: no food or potions, fire vulnerability, cold resistance 1, negative energy
resistance 3, torment resistance, unbreathing
a: Renounce Religion


You were on level 3 of the Lair of Beasts.
You worshipped Vehumet.
Vehumet was pleased with you.
You were not hungry.

You visited 3 branches of the dungeon, and saw 12 of its levels.
You also visited: Sewer.

You collected 647 gold pieces.
You spent 490 gold pieces at shops.

Inventory:

Hand Weapons
 a - a +0 hunting sling (weapon)
 b - a +9 blowgun
 c - a +3 short sword
Missiles
 e - 23 sling bullets (quivered)
 t - 141 stones
 G - 4 curare-tipped needles
Armour
 d - a +0 helmet (worn)
 g - a +1 pair of gloves (worn)
 p - a +1 leather armour of cold resistance (worn)
 q - a +0 pair of boots (worn)
 s - a +0 cloak of magic resistance (worn)
 y - a +2 buckler (worn)
 E - a scarf of repulsion
Jewellery
 k - an amulet of harm (around neck)
 z - a ring of fire (left hand)
 A - an uncursed ring of fire
 B - a +2 ring of protection (right hand)
 I - an uncursed ring of resist corrosion {unknown}
Wands
 r - a wand of disintegration (8)
 x - a wand of random effects (33)
 C - a wand of flame (20)
 F - a wand of digging (19)
Scrolls
 f - 4 scrolls of enchant armour {!r}
 h - 2 scrolls of immolation {!r}
 i - 2 scrolls of fear {!r}
 j - 3 scrolls of enchant weapon {!r}
 l - 6 scrolls of teleportation {!r}
 m - 3 scrolls of fog {!r}
 n - a scroll of magic mapping {!r}
 o - 9 scrolls of remove curse {!r}
 u - a scroll of blinking {!r}
 v - 5 scrolls of amnesia {!r}
 w - 2 scrolls of noise {!r}
 H - a scroll of identify {!r}
Miscellaneous
 D - a phantom mirror


   Skills:
 - Level 1.5 Dodging
 - Level 1.5 Stealth
 - Level 4.1 Shields
 + Level 12.6 Spellcasting
 - Level 0.7 Transmutations
 * Level 12.6 Earth Magic


You had 20 spell levels left.
You knew the following spells:

 Your Spells              Type           Power        Failure   Level  Hunger
a - Lee's Rapid Deconstr  Erth           ######....   1%          5    N/A
b - Passwall              Tmut/Erth      #####...     1%          2    N/A
c - Sandblast             Erth           ######       1%          1    N/A
d - Stone Arrow           Conj/Erth      ####..       1%          3    N/A
e - Petrify               Tmut/Erth      #####...     4%          4    N/A

Your spell library contained the following spells:

 Spells                   Type           Power        Failure   Level  Hunger
 Apportation              Tloc           ##....       8%          1    N/A
 Summon Small Mammal      Summ           ##..         8%          1    N/A
 Animate Skeleton         Necr           N/A          8%          1    N/A
 Summon Ice Beast         Ice/Summ       ##......     61%         4    N/A
 Call Imp                 Summ           ##......     12%         2    N/A
 Confusing Touch          Hex            ##....       8%          1    N/A
 Call Canine Familiar     Summ           ##......     24%         3    N/A
 Summon Lightning Spire   Summ/Air       ##......     61%         4    N/A
 Summon Guardian Golem    Hex/Summ       ##......     24%         3    N/A

Dungeon Overview and Level Annotations

Branches:
Dungeon (8/15)             Temple (1/1) D:6            Lair (3/6) D:8
  Swamp (0/4) Lair:2       Spider (0/4) Lair:2

Altars:
Fedhas
Hepliaklqana
Nemelex Xobeh
Okawaru
Qazlal
Sif Muna
Trog
Uskayaw
Vehumet
Xom
The Shining One

Shops:
D:8 =

Annotations:
D:7 TheNamelessOne's ghost, journeyman HaFi


Innate Abilities, Weirdness & Mutations

You do not eat or drink.
Your flesh is vulnerable to fire.
You are immune to poison.
Your flesh is cold resistant. (rC+)
You are immune to negative energy. (rN+++)
You are immune to unholy pain and torment.
You can survive without breathing.


Message History

The blast of sand hits the black mamba.
You kill the black mamba!
Vehumet accepts your kill.
t - 145 stones
Casting: Sandblast (safe; 1% risk of failure)
Confirm with . or Enter, or press ? or * to list all spells.
Aiming: Sandblast (safe; 1% risk of failure)
Press: ? - help, Shift-Dir - straight line, f - komodo dragon
Aim: a komodo dragon The blast of sand hits the komodo dragon.
The komodo dragon is moderately wounded.
t - 144 stones
Casting: Sandblast (safe; 1% risk of failure)
Confirm with . or Enter, or press ? or * to list all spells.
Aiming: Sandblast (safe; 1% risk of failure)
Press: ? - help, Shift-Dir - straight line, f/p - komodo dragon
Aim: a komodo dragon (moderately wounded)
The blast of sand hits the komodo dragon.
The komodo dragon is heavily wounded.
t - 143 stones
Casting: Sandblast (safe; 1% risk of failure)
Confirm with . or Enter, or press ? or * to list all spells.
Aiming: Sandblast (safe; 1% risk of failure)
Press: ? - help, Shift-Dir - straight line, f/p - komodo dragon
Aim: a komodo dragon (heavily wounded)
The blast of sand hits the komodo dragon.
The komodo dragon is severely wounded.
t - 142 stones You block the komodo dragon's attack.
A blink frog and a spriggan come into view.
The blink frog croaks.
The spriggan shouts!
The spriggan throws a throwing net.
The throwing net hits you.
You become entangled in the net!
Things that are here:
a throwing net; a black mamba corpse
Casting: Sandblast (safe; 1% risk of failure)
Confirm with . or Enter, or press ? or * to list all spells.
Aiming: Sandblast (safe; 1% risk of failure)
Press: ? - help, Shift-Dir - straight line, f/p - komodo dragon
Aim: a komodo dragon (severely wounded)
The blast of sand hits the komodo dragon.
The komodo dragon is severely wounded.
t - 141 stones A torpor snail comes into view.
Being near the torpor snail leaves you feeling lethargic.
The blink frog blinks!
You struggle against the net.
The komodo dragon completely misses you.
The komodo dragon bites you!
You struggle against the net.
The blink frog hits you! The komodo dragon bites you!
* * * LOW HITPOINT WARNING * * *
The blink frog hits you!
* * * LOW HITPOINT WARNING * * *
The blink frog blinks!
Really read
u - 2 scrolls of blinking {!r}?
Blink to where?
Press: ? - help, Dir - move target cursor, p - komodo dragon You are very lightly contaminated with residual magic.
As you read the scroll of blinking {!r}, it crumbles to dust.
You feel yourself speed up.
There is a stone staircase leading up here.
The komodo dragon bites you!
You die...

%...... .......# .#
.......# .###.# .#
.#†.....##.....# ..#
.........##...##....
..............P#...
..............P..♣..
.....P#.i........P..
#.....@l#..#..F.F..
......#...#i§♣
.........††.♣.P.....
............♣.......
..................##
....$.........P..P#
......#..........w'.
.....P...?..PP...#.
≈≈≈......♣......#


You could see a komodo dragon and a spriggan.

Vanquished Creatures
  2 two-headed ogres
  Sonja (Lair:1)
  An orb spider (Lair:2)
  A black mamba (Lair:3)
  2 spiny frogs
  2 komodo dragons
  Grinder (D:3)
  A polar bear (Lair:2)
  A hornet (D:8)
  4 blink frogs (Lair:2)
  5 hippogriffs
  15 yaks
  A wraith (D:7)
  2 basilisks (Lair:2)
  2 hungry ghosts
  The ghost of lurker the Magician, an amateur GnWn (D:3)
  6 porcupines
  3 phantoms
  An orc warrior (D:8)
  Duvessa (D:5)
  An ice beast (D:5)
  A wolf (Lair:1)
  3 ogres
  3 crocodiles (Lair:2)
  13 bullfrogs
  Dowan (D:5)
  3 scorpions
  10 killer bees
  2 howler monkeys
  A centaur zombie (D:7)
  3 crimson imps
  2 hounds
  4 jellies
  3 orc priests
  Crazy Yiuf (D:3)
  A centaur skeleton (D:5)
  7 orc wizards
  A bullfrog skeleton (D:6)
  3 iguanas (D:6)
  5 worker ants
  A killer bee zombie (D:5)
  A hound skeleton (D:5)
  12 adders
  2 shadow imps
  3 oozes
  2 worms
  5 dart slugs
  18 leopard geckos
  22 orcs
  20 giant cockroaches
  9 goblins
  9 hobgoblins
  9 jackals
  7 kobolds
  A quokka (D:4)
  6 ball pythons
  11 bats
  8 frilled lizards
  11 rats
  2 plants
280 creatures vanquished.

Vanquished Creatures (others)
  2 fungi (Lair:2)
  2 plants (Lair:2)
4 creatures vanquished.

Grand Total: 284 creatures vanquished

Notes
Turn   | Place    | Note
-------+----------+-------------------------------------------
     0 | D:1      | Amnesiac the Mummy Earth Elementalist began the quest for the Orb.
     0 | D:1      | Reached XP level 1. HP: 13/13 MP: 4/4
   287 | D:1      | Reached XP level 2. HP: 12/19 MP: 2/5
   717 | D:1      | Reached XP level 3. HP: 24/24 MP: 7/7
   721 | D:1      | Learned a level 2 spell: Passwall
   731 | D:1      | Learned a level 3 spell: Stone Arrow
  1547 | D:2      | Noticed a bullfrog
  1556 | D:2      | Killed a bullfrog
  1556 | D:2      | Reached XP level 4. HP: 7/30 MP: 1/10
  2064 | D:3      | Noticed Grinder
  2064 | D:3      | Paralysed by Grinder for 3 turns
  2073 | D:3      | Killed Grinder
  2073 | D:3      | Reached skill level 5 in Spellcasting
  2073 | D:3      | Reached skill level 5 in Earth Magic
  2073 | D:3      | Reached XP level 5. HP: 35/35 MP: 4/12
  2073 | D:3      | Reached XP level 6. HP: 41/41 MP: 4/13
  2127 | D:3      | Learned a level 4 spell: Petrify
  2133 | D:3      | Learned a level 5 spell: Lee's Rapid Deconstruction
  2278 | D:3      | Found a runed door.
  2282 | D:3      | Noticed lurker's ghost (amateur GnWn)
  2309 | D:3      | HP: 1/41 [lurker's ghost (10)]
  2345 | D:3      | Killed lurker's ghost
  2608 | D:3      | Found a runed door.
  2778 | D:4      | Reached XP level 7. HP: 42/46 MP: 10/15
  2919 | D:3      | Found a runed door.
  2923 | D:3      | Noticed Crazy Yiuf
  2928 | D:3      | Killed Crazy Yiuf
  3414 | D:5      | Entered Level 5 of the Dungeon
  3416 | D:5      | Noticed Dowan
  3443 | D:5      | Noticed a two-headed ogre
  3453 | D:5      | Killed a two-headed ogre
  3453 | D:5      | Reached XP level 8. HP: 33/52 MP: 1/19
  3604 | D:5      | Noticed Duvessa
  3618 | D:5      | Found a glowing drain.
  3641 | Sewer    | Entered a sewer
  4185 | D:5      | Killed Duvessa
  4214 | D:5      | Killed Dowan
  4634 | D:5      | Reached XP level 9. HP: 57/57 MP: 1/21
  5504 | D:6      | Found a hazy altar of Hepliaklqana.
  6016 | D:6      | Found a staircase to the Ecumenical Temple.
  6129 | Temple   | Entered the Ecumenical Temple
  6198 | Temple   | Became a worshipper of Vehumet
  7102 | D:3      | Found a faded altar of an unknown god.
  7273 | D:3      | Found a stormy altar of Qazlal.
  7519 | D:6      | Found a radiant altar of Vehumet.
  7691 | D:7      | Reached skill level 1 in Shields
  7943 | D:7      | Reached * piety under Vehumet
  7943 | D:7      | Offered knowledge of Freeze by Vehumet.
  8134 | D:7      | Reached skill level 10 in Spellcasting
  8500 | D:7      | Reached skill level 10 in Earth Magic
  8561 | D:7      | Reached XP level 10. HP: 63/63 MP: 14/24
  8823 | D:8      | Noticed a two-headed ogre
  8838 | D:8      | HP: 2/63 [two-headed ogre/giant club (25)]
  8855 | D:8      | Killed a two-headed ogre
  9532 | D:8      | Found Nooffad's Jewellery Shop.
  9535 | D:8      | Bought an uncursed ring of fire for 350 gold pieces
  9535 | D:8      | Bought a +2 ring of protection for 140 gold pieces
 10224 | D:8      | Found a staircase to the Lair.
 10390 | Lair:1   | Entered Level 1 of the Lair of Beasts
 10448 | Lair:1   | Found a runed door.
 10451 | Lair:1   | Noticed TheNamelessOne's ghost (journeyman HaFi)
 10784 | Lair:1   | Offered knowledge of Throw Frost by Vehumet.
 10908 | Lair:1   | Reached ** piety under Vehumet
 11012 | Lair:1   | Noticed a spiny frog
 11019 | Lair:1   | Killed a spiny frog
 11048 | Lair:1   | Found a sparkling altar of Nemelex Xobeh.
 11050 | Lair:1   | Noticed Sonja
 11055 | Lair:1   | Killed Sonja
 11313 | Lair:1   | Reached XP level 11. HP: 68/68 MP: 19/26
 11747 | Lair:2   | Noticed an orb spider
 11797 | Lair:2   | Found a hole to the Spider Nest.
 11808 | Lair:2   | Killed an orb spider
 12307 | Lair:2   | Noticed a five-headed hydra
 13202 | Lair:2   | Found a staircase to the Swamp.
 13599 | Lair:3   | Slain by a komodo dragon

Vault maps used:
D:1:      nzn_arrival_crosshair, amethyst_killhole
D:2:      first_ration, minmay_bisected
D:3:      marbit_many_paths, chequers_ecumenical_altar_island,
          ebering_ghost_sewer_f, uniq_grinder, uniq_crazy_yiuf_cottage
D:5:      gup_sewer_entry_pipe, kennysheep_small_spiral, uniq_duvessa
D:6:      minmay_temple_entry_fiery, basic_altar, lemuel_statue_altar
D:8:      david_lair_shrubbed, serial_shops, kennysheep_mini
Temple:   dpeg_five_rooms_temple
Lair:1:   basic_altar, ebering_ghost_inner_flame, grunt_megastairs_2, uniq_sonja
Lair:2:   swamp_mist_pool, nicolae_spider_entry_orb_guardian
Lair:3:   nicolae_volcano_entry_vermiform, grunt_forest_large_clearing_hut,
          minmay_lair_oklob_chamber, serial_bayou_shore_b, lemuel_fruit_fields
Sewer:    sewer_frog_island_01

Skill      XL: |  1  2  3  4  5  6  7  8  9 10 11 |
---------------+----------------------------------+-----
Spellcasting   | 3 4 5 7 8 10 11 12 | 12.6
Earth Magic    | 3 4 5 7 8 10 11 12 | 12.6
Shields        | 2 4 |  4.1
Dodging        | |  1.5
Stealth        | |  1.5
Transmutations | |  0.7

Action                   |  1- 3 |  4- 6 |  7- 9 | 10-12 || total
-------------------------+-------+-------+-------+-------++-------
Melee: Whip              |    38 |       |       |       ||    38
       Unarmed           |     2 |       |       |       ||     2
       Short sword       |       |       |       |    14 ||    14
 Fire: Hunting sling     |    76 |    94 |   261 |    13 ||   444
       Blowgun           |       |       |       |     8 ||     8
 Cast: Sandblast         |    25 |    23 |    24 |    11 ||    83
       Lee's Rapid Decon |       |       |    19 |    71 ||    90
       Stone Arrow       |       |       |    94 |    47 ||   141
       Passwall          |       |       |    13 |     1 ||    14
       Petrify           |       |       |       |     4 ||     4
Evoke: Wand              |       |       |     1 |    16 ||    17
  Use: Scroll            |       |     6 |     7 |     4 ||    17
Armor: Robe              |    25 |    13 |     9 |       ||    47
       Leather armour    |       |       |    66 |    18 ||    84
Dodge: Dodged            |    60 |    48 |   112 |    19 ||   239
Block: Buckler           |       |       |       |     7 ||     7

Table legend:
 A = Spawn XP
 B = Non-spawn XP
 C = Spawn XP percentage of total XP
 D = Spawn monster count
 E = Non-spawn monster count
 F = Spawn count percentage of total count
 G = Total turns spent on level
                    A         B        C        D         E        F      G
               +---------+---------+-------+---------+---------+-------+---------
         Total |       0 |   19077 |   0.0 |       0 |     278 |   0.0 | 13599
               +---------+---------+-------+---------+---------+-------+---------
           D:1 |       0 |      58 |   0.0 |       0 |      30 |   0.0 |  1296
           D:2 |       0 |     144 |   0.0 |       0 |      25 |   0.0 |  1059
           D:3 |       0 |     690 |   0.0 |       0 |      37 |   0.0 |  1535
           D:4 |       0 |     344 |   0.0 |       0 |      13 |   0.0 |   600
           D:5 |       0 |    1674 |   0.0 |       0 |      33 |   0.0 |  1199
           D:6 |       0 |    1205 |   0.0 |       0 |      26 |   0.0 |  1306
           D:7 |       0 |    1288 |   0.0 |       0 |      17 |   0.0 |  1176
           D:8 |       0 |    2901 |   0.0 |       0 |      33 |   0.0 |  1638
        Lair:1 |       0 |    3539 |   0.0 |       0 |      14 |   0.0 |  1636
        Lair:2 |       0 |    5432 |   0.0 |       0 |      25 |   0.0 |  1490
        Lair:3 |       0 |    1655 |   0.0 |       0 |       7 |   0.0 |    27
         Sewer |       0 |     147 |   0.0 |       0 |      18 |   0.0 |   518
               +---------+---------+-------+---------+---------+-------+---------
